 Dungeon Crawl Stone Soup version 0.23-a0-671-g42e8185 (webtiles) character file.

185 zishaf the Charlatan (level 5, -1/31 HPs)
             Began as a Kobold Artificer on Jan 9, 2019.
             Slain by an adder (4 damage)
             ... on level 3 of the Dungeon.
             The game lasted 00:05:51 (3577 turns).

zishaf the Charlatan (Kobold Artificer)             Turns: 3577, Time: 00:05:51

Health: -1/31      AC:  5    Str:  9    XL:     5   Next: 96%
Magic:  8/8        EV: 13    Int: 13    God:
Gold:   105        SH:  5    Dex: 16    Spells: 4/4 levels left

rFire    . . .     SeeInvis .   a - +0 short sword
rCold    . . .     Gourm    .   w - +0 buckler
rNeg     . . .     Faith    .   m - +0 ring mail
rPois    .         Spirit   .   (no helmet)
rElec    .         Reflect  .   (no cloak)
rCorr    .         Harm     .   (no gloves)
MR       .....                  (no boots)
Stlth    ++........             (no amulet)
HPRegen  0.10/turn              (no ring)
MPRegen  0.11/turn              (no ring)

@: lethally poisoned (-1 -> -4)
A: small, carnivore
a: no special abilities


You were on level 3 of the Dungeon.
You were completely stuffed.

You visited 1 branch of the dungeon, and saw 3 of its levels.

You collected 105 gold pieces.

Inventory:

Hand Weapons
 a - a +0 short sword (weapon)
 b - a +0 hunting sling
Missiles
 h - 63 stones (quivered)
 i - 14 sling bullets
Armour
 m - a +0 ring mail (worn)
 w - a +0 buckler (worn)
Wands
 c - a wand of flame (12)
 d - a wand of enslavement (15)
 e - a wand of random effects (15)
Scrolls
 j - a scroll of enchant armour {unknown}
 l - a scroll of remove curse {unknown}
 o - 2 scrolls of enchant weapon {unknown}
 q - a scroll of magic mapping {unknown}
 r - 3 scrolls of teleportation {unknown}
 s - 3 scrolls of identify {unknown}
 u - a scroll of blinking {unknown}
 v - a scroll of fog {unknown}
Potions
 g - 3 potions of curing {unknown}
 k - a potion of might {unknown}
 n - a potion of brilliance {unknown}
 p - a potion of mutation {unknown}
 x - a potion of invisibility {unknown}
Comestibles
 f - 2 rations
 t - a chunk of flesh


   Skills:
 + Level 2.6 Fighting
 + Level 3.2 Short Blades
 + Level 3.7 Dodging
 + Level 3.5 Stealth
 * Level 1.3 Shields
 - Level 4.0 Evocations


You had 4 spell levels left.
You didn't know any spells.
Your spell library was empty.

Dungeon Overview and Level Annotations

Branches:
Dungeon (3/15)

Altars:
Zin

Shops:
D:2 *


Innate Abilities, Weirdness & Mutations

You are small and have problems with some larger weapons.
You are carnivorous and can eat meat at any time.


Message History

You hit the orc priest.
The orc priest is moderately wounded.
The orc priest hits you but does no damage.
You hit the orc priest.
The orc priest is heavily wounded.
The adder bites you.
You are poisoned.
The adder poisons you! The orc priest closely misses you.
You hit the orc priest.
The orc priest is severely wounded.
You feel sick. The adder bites you. The orc priest closely misses you.
You block the adder's attack. The adder barely misses you.
You feel sick. You block the adder's attack.
There is a stone staircase leading up here.
You feel sick. The adder closely misses you.
The orc priest mumbles some strange prayers to Beogh against you.
Beogh smites you!
* * * LOW HITPOINT WARNING * * *
The adder bites you.
You die... ......####.# # #...##.#####..... #(..$.).....# #. #..###..###.####.# #o# ##..# ....### ## .oo

##(# #....####.
..#.. ##.###
#........ ....#..
#)...#######....♣♣♣
... ..#
#.@S...........♣♣
.# ..#
#..o.#########.♣ o.
###### #.♣ #. #.♣
#.##### #.♣♣♣
#.o...# #...♣♣
#####.# ###... #.#
##... #.## #.>##


You could see an orc priest and an adder.

Vanquished Creatures
  A howler monkey (D:2)
  A hound (D:1)
  4 adders
  An ooze (D:1)
  2 worms (D:3)
  3 dart slugs
  2 leopard geckos
  7 orcs
  A giant cockroach (D:1)
  5 goblins
  6 hobgoblins
  3 jackals (D:1)
  A quokka (D:2)
  12 bats
  2 frilled lizards (D:2)
  4 kobolds
  4 rats
59 creatures vanquished.

Notes
Turn   | Place    | Note
-------+----------+-------------------------------------------
     0 | D:1      | zishaf the Kobold Artificer began the quest for the Orb.
     0 | D:1      | Reached XP level 1. HP: 12/12 MP: 3/3
   136 | D:1      | Reached XP level 2. HP: 11/16 MP: 4/4
   639 | D:1      | Reached XP level 3. HP: 10/20 MP: 5/5
   899 | D:1      | Reached skill level 4 in Evocations
  1404 | D:1      | Reached XP level 4. HP: 5/26 MP: 7/7
  1890 | D:2      | Found Zin's Purification Station.
  1890 | D:2      | Found a glowing silver altar of Zin.
  2225 | D:2      | Reached XP level 5. HP: 16/30 MP: 8/8
  2277 | D:2      | Reached skill level 1 in Shields
  3577 | D:3      | Slain by an adder

Vault maps used:
D:1:      tarquinn_simple_flora_water_b, minmay_box_of_dots
D:2:      zin_purify
D:3:      old_standard_altar, nrook_campfire, lexackson_kobold_supper

Skill      XL: |  1  2  3  4  5 |
---------------+----------------+-----
Stealth        | 2 3 |  3.5
Short Blades   | 2 3 |  3.2
Evocations     | 4 |  4.0
Fighting       | 2 |  2.6
Dodging        | 3 |  3.7
Shields        | 1 |  1.3

Action                   |  1- 3 |  4- 6 || total
-------------------------+-------+-------++-------
Melee: Short sword       |   116 |   263 ||   379
 Fire: Hunting sling     |     1 |     3 ||     4
Throw: Stone             |       |     5 ||     5
Evoke: Wand              |       |     3 ||     3
 Stab: Sleeping          |     1 |       ||     1
  Eat: Chunk             |    10 |     7 ||    17
Armor: Leather armour    |    26 |       ||    26
       Ring mail         |    13 |    59 ||    72
Dodge: Dodged            |   111 |   141 ||   252
Block: Buckler           |       |    43 ||    43

Table legend:
 A = Non-vault XP
 B = Vault XP
 C = Vault XP percentage of total XP
 D = Non-vault monster count
 E = Vault monster count
 F = Vault count percentage of total count
                 A         B        C        D         E       F
            +---------+---------+-------+---------+---------+-------
      Total |     261 |       4 |   1.5 |      57 |       2 |   3.4
            +---------+---------+-------+---------+---------+-------
        D:1 |     101 |       4 |   3.8 |      25 |       2 |   7.4
        D:2 |     108 |       0 |   0.0 |      16 |       0 |   0.0
        D:3 |      52 |       0 |   0.0 |      16 |       0 |   0.0
            +---------+---------+-------+---------+---------+-------
